[Event "NOR-chT Codanserien 2017-18"]
[Site "Oslo"]
[Date "2018.01.13"]
[Round "5"]
[White "Galinsky, Timofey"]
[Black "Mihajlov, Svetoslav"]
[Result "0-1"]
[ECO "D04"]
[WhiteElo "2376"]
[BlackElo "2178"]
[Annotator "NA"]
[PlyCount "50"]
[EventDate "2018.??.??"]
[EventType "team-tourn"]
[EventCountry "NOR"]
[SourceTitle "playchess.com"]
[Source "ChessBase"]
[SourceQuality "1"]
[TimeControl "40/5400+30:1800+30"]

1. d4 d5 2. Nf3 Nf6 3. e3 c5 4. dxc5 Qa5+ 5. c3 Qxc5 6. b4 Qc7 7. Bb2 Bg4 8. Nbd2 Nbd7 9. Rc1 e6 10. a3 Be7 11. c4 dxc4 12. Bxc4 Qb8 13. h3 Bxf3 14. Nxf3 b5 15. Be2 a5 16. O-O axb4 17. axb4 O-O 18. Nd4 Bxb4 19. Nc6 Qd6 20. Qb3 Bc5 21. Bf3 Nd5 22. e4 Nf4 23. e5 Qd3 24. Rc3 Ne2+ 25. Kh2 Nxc3 0-1

[Event "NOR-chT Codanserien 2017-18"]
[Site "Oslo"]
[Date "2018.01.13"]
[Round "5"]
[White "Galchenko, Matvey"]
[Black "Hole, Oystein"]
[Result "1-0"]
[ECO "B13"]
[WhiteElo "2367"]
[BlackElo "2334"]
[Annotator "NA"]
[PlyCount "81"]
[EventDate "2018.??.??"]
[EventType "team-tourn"]
[EventCountry "NOR"]
[SourceTitle "playchess.com"]
[Source "ChessBase"]
[SourceQuality "1"]
[TimeControl "40/5400+30:1800+30"]

1. e4 c6 2. d4 d5 3. exd5 cxd5 4. Bd3 Nc6 5. c3 Qc7 6. Ne2 Bg4 7. O-O e6 8. Qe1 Nf6 9. f3 Bh5 10. Qh4 Bg6 11. Bxg6 fxg6 12. Nf4 Kf7 13. Nd3 Bd6 14. f4 Rhe8 15. Be3 b5 16. Nd2 b4 17. Rac1 Kg8 18. Ne5 Rac8 19. c4 dxc4 20. Rxc4 Qb7 21. Rfc1 Ne7 22. Qe1 Rxc4 23. Ndxc4 Qd5 24. Bf2 a5 25. Nxd6 Qxd6 26. Rc5 Nfd5 27. Nc4 Qd7 28. g3 a4 29. Ne5 Qb7 30. Nd3 Nf5 31. Ra5 Nf6 32. Rxa4 Ng4 33. Rxb4 Qd5 34. Qe2 Nxf2 35. Qxf2 Qxa2 36. Nc5 Rd8 37. g4 Qa5 38. Ra4 Qb5 39. gxf5 gxf5 40. b3 Qe8 41. Qe2 1-0

[Event "NOR-chT Codanserien 2017-18"]
[Site "Oslo"]
[Date "2018.01.13"]
[Round "5"]
[White "Fossan, Erik"]
[Black "Devereaux, Maxim L"]
[Result "1/2-1/2"]
[ECO "B14"]
[WhiteElo "2345"]
[BlackElo "2370"]
[Annotator "NA"]
[PlyCount "47"]
[EventDate "2018.??.??"]
[EventType "team-tourn"]
[EventCountry "NOR"]
[SourceTitle "playchess.com"]
[Source "ChessBase"]
[SourceQuality "1"]
[TimeControl "40/5400+30:1800+30"]

1. e4 c6 2. d4 d5 3. exd5 cxd5 4. c4 Nf6 5. Nc3 g6 6. cxd5 Bg7 7. Qb3 O-O 8. Nf3 Nbd7 9. a4 Nb6 10. a5 Nbxd5 11. Bc4 Nxc3 12. bxc3 Ne4 13. O-O Nd6 14. Be2 Be6 15. d5 Bf5 16. Be3 Qc7 17. Nd4 Rfc8 18. Rfc1 Bd7 19. c4 Nf5 20. Nxf5 Bxf5 21. Ra2 Be5 22. g3 Qd7 23. Bf3 h5 24. h4 1/2-1/2

[Event "NOR-chT Codanserien 2017-18"]
[Site "Oslo"]
[Date "2018.01.13"]
[Round "5"]
[White "Risting, Eivind Olav"]
[Black "Nordquelle, Daniel"]
[Result "1-0"]
[ECO "D37"]
[WhiteElo "2309"]
[BlackElo "2196"]
[Annotator "NA"]
[PlyCount "95"]
[EventDate "2018.??.??"]
[EventType "team-tourn"]
[EventCountry "NOR"]
[SourceTitle "playchess.com"]
[Source "ChessBase"]
[SourceQuality "1"]
[TimeControl "40/5400+30:1800+30"]

1. d4 d5 2. c4 e6 3. Nf3 Nf6 4. Nc3 Nbd7 5. Bg5 h6 6. Bh4 Bb4 7. e3 g5 8. Bg3 Ne4 9. Qb3 c5 10. Bd3 Qa5 11. Rc1 dxc4 12. Qxc4 Nb6 13. Qb5+ Qxb5 14. Bxb5+ Bd7 15. Bxd7+ Nxd7 16. Ke2 Nxg3+ 17. hxg3 cxd4 18. Nxd4 Ke7 19. a3 Bc5 20. Nb3 Bd6 21. f4 Rac8 22. Ne4 Bb8 23. Na5 f5 24. Nd2 Nc5 25. b4 b6 26. bxc5 bxa5 27. Rc4 Kf6 28. Rb1 e5 29. Rb5 exf4 30. gxf4 gxf4 31. exf4 Rhe8+ 32. Kf2 Rcd8 33. Nf3 Re4 34. Rc2 Bxf4 35. Rxa5 Re7 36. Ra6+ Kg7 37. Nh4 Rf7 38. Nf3 Rc7 39. Ra4 Bg5 40. Nd4 Kf7 41. Nb5 Rcc8 42. Rxa7+ Ke6 43. c6 Rd2+ 44. Rxd2 Bxd2 45. Rb7 Kd5 46. Na7 Re8 47. Rd7+ Kc5 48. Rxd2 {[%emt 0:00:07] Kd5} 1-0

[Event "NOR-chT Codanserien 2017-18"]
[Site "Oslo"]
[Date "2018.01.13"]
[Round "5"]
[White "Hobber, Anders"]
[Black "Mikalsen, Erlend"]
[Result "1/2-1/2"]
[ECO "A47"]
[WhiteElo "2301"]
[BlackElo "2307"]
[Annotator "NA"]
[PlyCount "95"]
[EventDate "2018.??.??"]
[EventType "team-tourn"]
[EventCountry "NOR"]
[SourceTitle "playchess.com"]
[Source "ChessBase"]
[SourceQuality "1"]
[TimeControl "40/5400+30:1800+30"]

1. d4 Nf6 2. Nf3 b6 3. Bf4 Bb7 4. e3 Nh5 5. Bg5 h6 6. Bh4 g5 7. Bg3 Nxg3 8. hxg3 Bg7 9. Nbd2 d6 10. Bd3 Nd7 11. Qe2 e6 12. O-O-O Qe7 13. Ba6 O-O-O 14. Nb3 Nb8 15. Bxb7+ Kxb7 16. e4 Qd7 17. Kb1 Qa4 18. c3 Rhe8 19. Qc2 Ka8 20. g4 c5 21. Rhe1 cxd4 22. Nbxd4 Qxc2+ 23. Kxc2 Kb7 24. Ne2 Nc6 25. Ng3 b5 26. Rd3 b4 27. c4 Na5 28. b3 Kc7 29. Nd4 Nb7 30. Red1 a6 31. Rf3 Re7 32. Ndf5 exf5 33. Nxf5 Rxe4 34. Nxg7 Rxg4 35. Rxf7+ Kc6 36. g3 Re4 37. Nf5 Rd7 38. Rf6 h5 39. Rd2 Re5 40. Nd4+ Kc7 41. Nf3 Ra5 42. Kb2 Nc5 43. Nxg5 Na4+ 44. bxa4 Rxg5 45. Kb3 a5 46. Rh6 Rf7 47. Rhxd6 Rxf2 48. Rd7+ 1/2-1/2

[Event "NOR-chT Codanserien 2017-18"]
[Site "Oslo"]
[Date "2018.01.13"]
[Round "5"]
[White "Tallaksen, Levi Andre"]
[Black "Borresen, Georg S"]
[Result "1/2-1/2"]
[ECO "E76"]
[WhiteElo "2296"]
[BlackElo "2263"]
[Annotator "NA"]
[PlyCount "78"]
[EventDate "2018.??.??"]
[EventType "team-tourn"]
[EventCountry "NOR"]
[SourceTitle "playchess.com"]
[Source "ChessBase"]
[SourceQuality "1"]
[TimeControl "40/5400+30:1800+30"]

1. d4 Nf6 2. c4 g6 3. Nc3 Bg7 4. e4 d6 5. f4 O-O 6. Nf3 Nbd7 7. Bd3 e5 8. fxe5 dxe5 9. d5 Qe7 10. O-O Ng4 11. Qe1 Bh6 12. h3 Bxc1 13. Rxc1 Nh6 14. Qe3 Kg7 15. Nb5 Nc5 16. b4 Nxd3 17. Qxd3 a6 18. d6 cxd6 19. Nxd6 f6 20. c5 Be6 21. a4 Rfd8 22. Rfd1 Nf7 23. Rd2 Rd7 24. Rcd1 Rad8 25. a5 Nxd6 26. cxd6 Rxd6 27. Qxd6 Rxd6 28. Rxd6 Kh6 29. Nh2 Kg5 30. Rb6 Bc4 31. Ng4 Be2 32. Rdd6 Bxg4 33. hxg4 Kxg4 34. Rxf6 Qc7 35. Rf1 Qc3 36. Rxb7 Qe3+ 37. Kh1 Qh6+ 38. Kg1 Qe3+ 39. Kh1 Qh6+ 1/2-1/2

[Event "NOR-chT Codanserien 2017-18"]
[Site "Oslo"]
[Date "2018.01.13"]
[Round "5"]
[White "Andersen, Lars Even"]
[Black "Fossan, Petter"]
[Result "1/2-1/2"]
[ECO "A04"]
[WhiteElo "2293"]
[BlackElo "2323"]
[Annotator "NA"]
[PlyCount "75"]
[EventDate "2018.??.??"]
[EventType "team-tourn"]
[EventCountry "NOR"]
[SourceTitle "playchess.com"]
[Source "ChessBase"]
[SourceQuality "1"]
[TimeControl "40/5400+30:1800+30"]

1. Nf3 c5 2. g3 g6 3. Bg2 Bg7 4. c4 Nf6 5. Nc3 O-O 6. d4 cxd4 7. Nxd4 Nc6 8. e3 d6 9. O-O Ng4 10. b3 Bd7 11. Bb2 Nxd4 12. exd4 Rb8 13. a4 Nh6 14. Re1 Nf5 15. Nd5 Re8 16. Ra2 Bc6 17. Ne3 Nxe3 18. Rxe3 Bxg2 19. Kxg2 a6 20. a5 d5 21. c5 Qd7 22. Qd3 Qc6 23. Kg1 f6 24. Qe2 e6 25. b4 Re7 26. Ra1 Rbe8 27. f4 Kf7 28. h4 h5 29. Kh2 Rh8 30. Bc3 Rhe8 31. Rg1 Qb5 32. Qxb5 axb5 33. Ra1 Ra8 34. Bb2 Ra6 35. Kh3 Re8 36. Rg1 Rh8 37. Re2 f5 38. Rge1 1/2-1/2

[Event "NOR-chT Codanserien 2017-18"]
[Site "Oslo"]
[Date "2018.01.13"]
[Round "5"]
[White "Flermoen, Peter"]
[Black "Skrondal, Inge Sandstad"]
[Result "1/2-1/2"]
[ECO "B24"]
[WhiteElo "2259"]
[BlackElo "2239"]
[Annotator "NA"]
[PlyCount "30"]
[EventDate "2018.??.??"]
[EventType "team-tourn"]
[EventCountry "NOR"]
[SourceTitle "playchess.com"]
[Source "ChessBase"]
[SourceQuality "1"]
[TimeControl "40/5400+30:1800+30"]

1. e4 c5 2. Nc3 Nc6 3. Nf3 g6 4. g3 Bg7 5. Bg2 d6 6. O-O Nf6 7. h3 Rb8 8. Re1 e5 9. Rb1 O-O 10. d3 b6 11. Be3 Bb7 12. g4 d5 13. g5 Nxe4 14. Nxe4 dxe4 15. dxe4 Qxd1 1/2-1/2

[Event "NOR-chT Codanserien 2017-18"]
[Site "Oslo"]
[Date "2018.01.13"]
[Round "5"]
[White "Gudbrandsen, Gustav"]
[Black "Nielsen, Andre"]
[Result "1-0"]
[ECO "C50"]
[WhiteElo "2235"]
[BlackElo "2152"]
[Annotator "NA"]
[PlyCount "109"]
[EventDate "2018.??.??"]
[EventType "team-tourn"]
[EventCountry "NOR"]
[SourceTitle "playchess.com"]
[Source "ChessBase"]
[SourceQuality "1"]
[TimeControl "40/5400+30:1800+30"]

1. e4 e5 2. Nf3 Nc6 3. Bc4 Nf6 4. d3 Bc5 5. O-O d6 6. Be3 Bb6 7. Bxb6 axb6 8. c3 O-O 9. Nbd2 Ne7 10. d4 Ng6 11. Re1 Qe7 12. b4 Nf4 13. Nf1 g6 14. a4 h5 15. Ng3 Bg4 16. h3 Bd7 17. Ne2 Nxe2+ 18. Rxe2 Rad8 19. Qc1 Nh7 20. a5 b5 21. Bd5 c6 22. Bb3 Qf6 23. dxe5 dxe5 24. Qe3 g5 25. Qc5 Rfe8 26. Rd2 Nf8 27. Rad1 g4 28. hxg4 hxg4 29. Nh2 Be6 30. Bxe6 Nxe6 31. Rxd8 Rxd8 32. Rxd8+ Qxd8 33. Qxe5 Qd2 34. g3 Qg5 35. Qb8+ Kg7 36. Kg2 Qg6 37. Qe5+ Kh7 38. Qf5 Qxf5 39. exf5 Ng5 40. Nxg4 Ne4 41. Ne5 Nxc3 42. a6 bxa6 43. Nxc6 Kg7 44. g4 Kf6 45. f4 Nd5 46. Kf3 Nc3 47. Nb8 a5 48. bxa5 b4 49. Nd7+ Ke7 50. Nc5 Nd5 51. a6 Kd6 52. a7 Nc7 53. Na6 b3 54. Nxc7 b2 55. Nb5+ 1-0

[Event "NOR-chT Codanserien 2017-18"]
[Site "Oslo"]
[Date "2018.01.13"]
[Round "5"]
[White "Svendsen, Bertil"]
[Black "Muhseen Abdullah Mohammed"]
[Result "1-0"]
[ECO "A40"]
[WhiteElo "2222"]
[BlackElo "2207"]
[Annotator "NA"]
[PlyCount "163"]
[EventDate "2018.??.??"]
[EventType "team-tourn"]
[EventCountry "NOR"]
[SourceTitle "playchess.com"]
[Source "ChessBase"]
[SourceQuality "1"]
[TimeControl "40/5400+30:1800+30"]

1. d4 g6 2. Nf3 Bg7 3. g3 b5 4. Qd3 a6 5. Bg2 Bb7 6. Nbd2 Nf6 7. O-O O-O 8. e4 d6 9. Re1 c5 10. c3 Nc6 11. a3 Qb6 12. h3 Rfd8 13. d5 c4 14. Qc2 Na5 15. Nd4 Nd7 16. N2f3 Nc5 17. Be3 Qc7 18. Nd2 e6 19. Rab1 Rac8 20. dxe6 fxe6 21. h4 Rf8 22. Re2 Qb8 23. Bh3 Rce8 24. Ree1 Qa8 25. Bg2 e5 26. Ne2 Nab3 27. Nc1 Nxd2 28. Bxd2 Rf7 29. b4 Nd7 30. Bg5 h6 31. Be3 Nf6 32. Bb6 Bc6 33. f3 d5 34. exd5 Bxd5 35. Rf1 Kh7 36. Be3 h5 37. Qe2 e4 38. f4 Ng4 39. Bh3 Nh6 40. f5 Ref8 41. fxg6+ Kxg6 42. Rxf7 Rxf7 43. Qd2 Bb7 44. Ne2 Bc8 45. Bg2 Bg4 46. Nd4 Nf5 47. Nxf5 Rxf5 48. Bf4 Bf3 49. Bxf3 exf3 50. Qe3 Rf8 51. Re1 Qc6 52. Qe7 Rf6 53. Kf2 Qb6+ 54. Kxf3 Qc6+ 55. Kf2 Bf8 56. Qd8 Qb6+ 57. Qxb6 Rxb6 58. Re5 Bh6 59. Bxh6 Kxh6 60. Rd5 Rf6+ 61. Ke3 Rg6 62. Kf4 Rg4+ 63. Kf3 Rg6 64. a4 bxa4 65. Ra5 Rd6 66. Rxa4 Rd3+ 67. Kf4 Rxc3 68. Rxa6+ Kg7 69. Rc6 Kh7 70. Rc7+ Kg6 71. Rc6+ Kg7 72. Rc5 Kg6 73. b5 Rb3 74. Rg5+ Kh6 75. Ke4 Rd3 76. Rc5 Rb3 77. Kd4 c3 78. Kd3 c2+ 79. Kxc2 Rxg3 80. b6 Rg6 81. Rb5 Rg8 82. Kb3 1-0

[Event "NOR-chT Codanserien 2017-18"]
[Site "Oslo"]
[Date "2018.01.13"]
[Round "5"]
[White "Sahl, Sheila Barth"]
[Black "Johansen, Terje"]
[Result "0-1"]
[ECO "B03"]
[WhiteElo "2178"]
[BlackElo "2252"]
[Annotator "NA"]
[PlyCount "106"]
[EventDate "2018.??.??"]
[EventType "team-tourn"]
[EventCountry "NOR"]
[SourceTitle "playchess.com"]
[Source "ChessBase"]
[SourceQuality "1"]
[TimeControl "40/5400+30:1800+30"]

1. e4 Nf6 2. e5 Nd5 3. d4 d6 4. c4 Nb6 5. f4 dxe5 6. fxe5 Nc6 7. Be3 Bf5 8. Nc3 e6 9. Nf3 Be7 10. d5 exd5 11. cxd5 Nb4 12. Nd4 Bd7 13. e6 fxe6 14. dxe6 Bc6 15. a3 Bh4+ 16. g3 Bxh1 17. axb4 Bf6 18. Bd3 Qe7 19. Qh5+ g6 20. Bxg6+ hxg6 21. Qxg6+ Kd8 22. O-O-O Nd5 23. Nf5 Qxe6 24. Bd4 Kc8 25. Nxd5 Bxd5 26. Bxf6 Kb8 27. Rxd5 Qxd5 28. Bxh8 Qh1+ 29. Kd2 Qxh2+ 30. Ke3 Qxh8 31. Nd4 Qe5+ 32. Kd3 a6 33. g4 Ka7 34. Qf5 Qd6 35. g5 Rg8 36. Kc4 Kb8 37. Ne6 Qc6+ 38. Kb3 Re8 39. Nc5 b6 40. Na4 Qe6+ 41. Qxe6 Rxe6 42. Nc3 Re5 43. Ka4 Rxg5 44. b5 Rg4+ 45. Ka3 a5 46. Nd5 Rg5 47. Nc3 Rc5 48. Kb3 Kc8 49. Kc2 Kd7 50. Kd3 Kd6 51. Ne4+ Kd5 52. Nf6+ Ke6 53. Ne8 Ke7 0-1

[Event "NOR-chT Codanserien 2017-18"]
[Site "Oslo"]
[Date "2018.01.13"]
[Round "5"]
[White "Strand, Hakon"]
[Black "Berg, Johan"]
[Result "1/2-1/2"]
[ECO "A33"]
[WhiteElo "2173"]
[BlackElo "2212"]
[Annotator "NA"]
[PlyCount "63"]
[EventDate "2018.??.??"]
[EventType "team-tourn"]
[EventCountry "NOR"]
[SourceTitle "playchess.com"]
[Source "ChessBase"]
[SourceQuality "1"]
[TimeControl "40/5400+30:1800+30"]

1. d4 Nf6 2. c4 c5 3. Nf3 cxd4 4. Nxd4 Nc6 5. Nc3 e6 6. g3 a6 7. Bg2 Qc7 8. Nc2 Be7 9. O-O b6 10. Bf4 d6 11. Rc1 Bb7 12. Ne3 Ne5 13. Qa4+ Nfd7 14. Bxe5 dxe5 15. Rfd1 Rd8 16. b4 O-O 17. c5 Bxg2 18. Kxg2 bxc5 19. Qxa6 Bg5 20. Nb5 Qb8 21. Qc6 Rc8 22. Qxd7 Rfd8 23. Qa7 Qxb5 24. Rxd8+ Rxd8 25. Qxc5 Qxe2 26. Rc2 Bxe3 27. Rxe2 Bxc5 28. bxc5 f6 29. Rc2 Kf7 30. Kf3 Ke7 31. Rb2 Rd7 32. Ke3 1/2-1/2

[Event "NOR-chT Codanserien 2017-18"]
[Site "Oslo"]
[Date "2018.01.13"]
[Round "5"]
[White "Diesen, Bruce"]
[Black "Elseth, Roar"]
[Result "0-1"]
[ECO "C95"]
[WhiteElo "2170"]
[BlackElo "2325"]
[Annotator "NA"]
[PlyCount "66"]
[EventDate "2018.??.??"]
[EventType "team-tourn"]
[EventCountry "NOR"]
[SourceTitle "playchess.com"]
[Source "ChessBase"]
[SourceQuality "1"]
[TimeControl "40/5400+30:1800+30"]

1. e4 e5 2. Nf3 Nc6 3. Bb5 a6 4. Ba4 Nf6 5. O-O Be7 6. Re1 b5 7. Bb3 d6 8. c3 O-O 9. h3 Nb8 10. d4 Nbd7 11. Nbd2 Bb7 12. a4 c5 13. Bc2 Re8 14. Qe2 Qb6 15. d5 c4 16. Nf1 Bf8 17. Bg5 h6 18. Be3 Nc5 19. Ng3 Qc7 20. Nh4 g6 21. Qd2 Kh7 22. f4 exf4 23. Bxf4 bxa4 24. Nhf5 gxf5 25. Nxf5 Ncxe4 26. Nxh6 Qc5+ 27. Kh2 Qxd5 28. Qe3 Bxh6 29. Bxh6 Qh5 30. Qb6 Kxh6 31. Qxb7 Ng4+ 32. Kh1 Ng3+ 33. Kg1 Qc5+ 0-1

[Event "NOR-chT Codanserien 2017-18"]
[Site "Oslo"]
[Date "2018.01.13"]
[Round "5"]
[White "Thanke, Bror"]
[Black "Guttulsrud, Odd Martin"]
[Result "1-0"]
[ECO "A05"]
[WhiteElo "2154"]
[BlackElo "2268"]
[Annotator "NA"]
[PlyCount "125"]
[EventDate "2018.??.??"]
[EventType "team-tourn"]
[EventCountry "NOR"]
[SourceTitle "playchess.com"]
[Source "ChessBase"]
[SourceQuality "1"]
[TimeControl "40/5400+30:1800+30"]

1. Nf3 Nf6 2. c4 g6 3. Nc3 Bg7 4. d4 d6 5. e4 O-O 6. h3 c5 7. Be2 cxd4 8. Nxd4 Nc6 9. Be3 a6 10. O-O Bd7 11. Rc1 Rb8 12. b3 Qa5 13. Rc2 b5 14. Nd5 Nxd5 15. Nxc6 Bxc6 16. cxd5 Bd7 17. Bg4 f5 18. Bf3 Rbc8 19. Bg5 Kf7 20. exf5 Bxf5 21. Re2 Rfe8 22. Rfe1 Be5 23. Bg4 Bxg4 24. hxg4 Qc3 25. Re3 Qc2 26. Qf3+ Kg8 27. R3e2 Qc3 28. Qe4 Rc7 29. f4 Bf6 30. Qe6+ Kg7 31. Bxf6+ Qxf6 32. Qe4 Rf8 33. g3 Rf7 34. g5 Qc3 35. Re3 Qb2 36. R3e2 Qc3 37. Qe3 Qb4 38. Qe4 Qc3 39. Kg2 Kf8 40. Re3 Qb2+ 41. R1e2 Qa1 42. Rc2 Rxc2+ 43. Qxc2 Qd4 44. Qd3 Qc5 45. Qe4 Kg7 46. Re2 Qc3 47. Rc2 Qa1 48. Qe3 b4 49. Rd2 a5 50. Qd4+ Qxd4 51. Rxd4 Rf8 52. Re4 Kf7 53. Rc4 Rb8 54. Kf3 Rb7 55. Ke4 e6 56. g4 Ke7 57. Rc2 Rb5 58. dxe6 Kxe6 59. Rc7 a4 60. Rxh7 Rc5 61. f5+ gxf5+ 62. gxf5+ Rxf5 63. Rh6+ {[%emt 0:00:04] Kd5+} 1-0

[Event "NOR-chT Codanserien 2017-18"]
[Site "Oslo"]
[Date "2018.01.13"]
[Round "5"]
[White "Flaata, Alexander R"]
[Black "Kyrkjebo, Erlend"]
[Result "1-0"]
[ECO "B23"]
[WhiteElo "2095"]
[BlackElo "2145"]
[Annotator "NA"]
[PlyCount "61"]
[EventDate "2018.??.??"]
[EventType "team-tourn"]
[EventCountry "NOR"]
[SourceTitle "playchess.com"]
[Source "ChessBase"]
[SourceQuality "1"]
[TimeControl "40/5400+30:1800+30"]

1. e4 c5 2. Nc3 a6 3. a4 Nc6 4. f4 e6 5. Bc4 Nge7 6. Nf3 d5 7. Ba2 dxe4 8. Nxe4 Nf5 9. O-O h5 10. d3 b6 11. c3 Nce7 12. Neg5 Nc6 13. Ne5 Nxe5 14. fxe5 Qc7 15. Rxf5 exf5 16. Bxf7+ Ke7 17. Qf3 Ra7 18. d4 cxd4 19. cxd4 Qd7 20. d5 Bb7 21. Be3 Rh6 22. Rc1 Kd8 23. e6 Qd6 24. Bf4 Qb4 25. Bc7+ Ke7 26. d6+ Kf6 27. Bd8+ Ke5 28. Qe3+ Be4 29. Nf3+ Kxd6 30. Qf4+ Kd5 31. Qe5# 1-0

[Event "NOR-chT Codanserien 2017-18"]
[Site "Oslo"]
[Date "2018.01.13"]
[Round "5"]
[White "Mikalsen, Harald"]
[Black "Hagesather, Paal Vegard"]
[Result "0-1"]
[ECO "A50"]
[WhiteElo "2036"]
[BlackElo "2260"]
[Annotator "NA"]
[PlyCount "98"]
[EventDate "2018.??.??"]
[EventType "team-tourn"]
[EventCountry "NOR"]
[SourceTitle "playchess.com"]
[Source "ChessBase"]
[SourceQuality "1"]
[TimeControl "40/5400+30:1800+30"]

1. d4 Nf6 2. c4 Nc6 3. Nf3 e6 4. Nc3 Bb4 5. a3 Bxc3+ 6. bxc3 d6 7. Bg5 h6 8. Bh4 g5 9. Bg3 Ne4 10. Qc2 f5 11. e3 h5 12. h4 g4 13. Ng1 Nxg3 14. fxg3 Qf6 15. Bd3 b6 16. Ne2 Qh6 17. Nf4 Ne7 18. O-O O-O 19. Rae1 c5 20. e4 e5 21. dxe5 dxe5 22. Nd5 Nxd5 23. cxd5 f4 24. Qd2 Qf6 25. Bc4 Kg7 26. Rf2 Bd7 27. Ref1 b5 28. Ba2 c4 29. Bb1 Rae8 30. Qe2 Qb6 31. Kh2 Qd6 32. Qd2 Qe7 33. Qe2 Rf7 34. Qc2 Ref8 35. Qd2 Kg8 36. Qc2 Qxa3 37. gxf4 b4 38. f5 b3 39. Qd2 Qe7 40. f6 Qd6 41. Qh6 a5 42. Qg6+ Kh8 43. Rf5 Bxf5 44. Rxf5 Rh7 45. Rxh5 Qd7 46. Rg5 a4 47. Rxg4 Qf7 48. Rg3 Rxh4+ 49. Kg1 Qxf6 0-1